 Dungeon Crawl Stone Soup version 0.17.1-1-g73c8601 (webtiles) character file.

79 shmeve the Shield-Bearer (level 4, -1/40 HPs)
             Began as a Minotaur Fighter on Apr 23, 2016.
             Slain by Natasha (8 damage)
             ... on level 3 of the Dungeon.
             The game lasted 00:02:54 (1633 turns).

shmeve the Shield-Bearer (Minotaur Fighter)         Turns: 1633, Time: 00:02:54

Health: -1/40      AC:  7    Str: 20    XL:     4   Next: 16%
Magic:  3/3        EV:  8    Int:  5    God:
Gold:   60         SH:  0    Dex: 11    Spells: 0 memorised, 3 levels left

rFire  . . .     SeeInvis +     a - +0 war axe
rCold  . . .     Clarity  .     b - +0 scale mail
rNeg   . . .     SustAt   .     c - +0 shield
rPois  +         Gourm    .     (helmet restricted)
rElec  .         Spirit   .     (no cloak)
rCorr  .         Warding  .     (no gloves)
rMut   .         Stasis   .     (no boots)
MR     .....                    (no amulet)
Stlth  ..........               p - ring of poison resistance
                                l - ring of see invisible

@: confused, slowed, very slow, not resistant to hostile enchantments, extremely
unstealthy
A: retaliatory headbutt, horns 2
a: no special abilities


You were on level 3 of the Dungeon.
You were not hungry.

You visited 1 branch of the dungeon, and saw 3 of its levels.

You collected 60 gold pieces.

Inventory:

Hand Weapons
 a - a +0 war axe (weapon)
Armour
 b - a +0 scale mail (worn)
 c - a +0 shield (worn)
Jewellery
 l - a ring of see invisible (left hand)
 p - a ring of poison resistance (right hand)
Scrolls
 f - a scroll of remove curse {unknown}
 g - 2 scrolls of identify {unknown}
 h - 2 scrolls of enchant armour {unknown}
 i - a scroll of recharging {unknown}
 j - a scroll of fog {unknown}
 m - a scroll of amnesia {unknown}
 n - a scroll of blinking {unknown}
Potions
 d - a potion of might
 o - a potion of curing {unknown}
Books
 q - a book of Summonings

   Spells                             Type                      Level
   a - Recall                         Summoning/Translocation      3
   b - Aura of Abjuration             Summoning                    5
   c - Shadow Creatures               Summoning                    5
   d - Summon Demon                   Summoning                    5
   e - Summon Forest                  Summoning/Translocation      5
   f - Summon Mana Viper              Hexes/Summoning              5
Comestibles
 e - 2 bread rations
 k - a beef jerky
 r - a meat ration


   Skills:
 * Level 4.1 Fighting
 * Level 3.4 Axes
 + Level 0.8 Throwing
 + Level 3.9 Armour
 + Level 1.0 Dodging
 * Level 4.4 Shields


You had 3 spell levels left.
You didn't know any spells.

Dungeon Overview and Level Annotations

Branches:
Dungeon (3/15)

Altars:
Cheibriados
Nemelex Xobeh

Annotations:
D:3 Ijyb, Natasha


Innate Abilities, Weirdness & Mutations

You reflexively headbutt those who attack you in melee.
You have a pair of horns on your head.


Message History

Ijyb hits you but does no damage.
Natasha casts a spell.
Unknown command.
Ijyb closely misses you.
The orc wizard points at you and mumbles some strange words.
You feel as though you will be slow longer.
You bump into the rock wall.
The orc wizard gestures wildly while chanting.
The orc wizard blinks!
Ijyb hits you with an enchanted club.
* * * LOW HITPOINT WARNING * * *
Unknown command.
You completely miss Ijyb. You headbutt Ijyb.
Ijyb is almost dead.
Ijyb hits you with an enchanted club.
* * * LOW HITPOINT WARNING * * *
The crimson imp blinks!
Natasha drinks a potion.
Natasha suddenly seems more agile.
The orc wizard hits you with a dagger.
* * * LOW HITPOINT WARNING * * *
Ijyb hits you but does no damage. Natasha claws you!
You die...

### ### #......
...... #.##..
#.##ยง# #.##.#
#.###o##.#
#....ogh.#
#####o#@.#
#.#o## #.#.##
####)...####.##.
......#)........
#####...#######.
##.## #.#
.######.#


You could see Ijyb, an orc wizard, Natasha and 2 orcs.

Vanquished Creatures
  Natasha (D:3)
  An adder (D:2)
  2 worms
  3 giant geckos
  2 orcs (D:3)
  6 bats
  3 giant cockroaches
  2 goblins
  2 hobgoblins (D:1)
  2 jackals (D:1)
  A quokka (D:2)
  4 kobolds
  9 rats
38 creatures vanquished.

Notes
Turn   | Place    | Note
--------------------------------------------------------------
     0 | D:1      | shmeve the Minotaur Fighter began the quest for the Orb.
     0 | D:1      | Reached XP level 1. HP: 19/19 MP: 0/0
    93 | D:1      | Reached XP level 2. HP: 25/27 MP: 1/1
   224 | D:1      | Found a sparkling altar of Nemelex Xobeh.
   718 | D:2      | Reached skill level 4 in Shields
   751 | D:2      | Found a snail-covered altar of Cheibriados.
   759 | D:2      | Reached XP level 3. HP: 33/33 MP: 2/2
  1514 | D:3      | Noticed Natasha
  1522 | D:3      | Killed Natasha
  1522 | D:3      | Reached skill level 1 in Dodging
  1522 | D:3      | Reached XP level 4. HP: 32/40 MP: 3/3
  1595 | D:3      | Noticed Ijyb
  1630 | D:3      | Noticed Natasha
  1633 | D:3      | Slain by Natasha

Action                   |  1- 3 |  4- 6 || total
-------------------------+-------+-------++-------
Melee: War axe           |    77 |    11 ||    88
  Eat: Chunk             |     1 |     1 ||     2
